 Dungeon Crawl Stone Soup version 0.21-a0-84-g85d6d27 (webtiles) character file.

189 qandnotyew the Skirmisher (level 5, -9/47 HPs)
             Began as a Centaur Hunter on June 29, 2017.
             Mangled by an ogre
             ... wielding a +0 giant club
              (29 damage)
             ... on level 4 of the Dungeon.
             The game lasted 00:05:01 (2846 turns).

qandnotyew the Skirmisher (Centaur Hunter)          Turns: 2846, Time: 00:05:01

Health: -9/47      AC:  7    Str: 15    XL:     5   Next: 40%
Magic:  5/5        EV:  9    Int: 10    God:
Gold:   114        SH:  0    Dex: 10    Spells: 4/4 levels left

rFire    . . .     SeeInvis .   b - +0 short sword
rCold    . . .     Gourm    .   (no shield)
rNeg     . . .     Faith    .   c - +0 leather armour
rPois    .         Spirit   .   w - +0 helmet
rElec    .         Reflect  .   n - +0 cloak
rCorr    .         Harm     .   (no gloves)
MR       .....                  (no barding)
Stlth    +.........             (no amulet)
HPRegen  0.15/turn              (no ring)
MPRegen  0.09/turn              (no ring)

@: flying, very quick
A: hooves 3, deformed body, speed 2, tough skin 3
a: no special abilities


You were on level 4 of the Dungeon.
You were not hungry.

You visited 1 branch of the dungeon, and saw 4 of its levels.

You collected 114 gold pieces.

Inventory:

Hand Weapons
 a - a +1 hunting sling
 b - a +0 short sword (weapon)
Missiles
 d - 53 sling bullets
 i - 74 stones
 t - 5 javelins (quivered)
Armour
 c - a +0 leather armour (worn)
 n - a +0 cloak (worn)
 w - a +0 helmet (worn)
Jewellery
 o - a +4 ring of strength {unknown}
Scrolls
 h - 3 scrolls of teleportation {unknown}
 j - 2 scrolls of enchant armour {unknown}
 p - 2 scrolls of remove curse {unknown}
 s - 2 scrolls of identify {unknown}
 u - a scroll of magic mapping {unknown}
Potions
 e - a potion of berserk rage {unknown}
 l - a potion of curing {unknown}
 m - a potion of mutation {unknown}
 q - a potion of flight
 r - a potion of heal wounds
Comestibles
 f - 2 bread rations
 g - a meat ration
 v - a chunk of flesh


   Skills:
 * Level 4.6 Fighting
 - Level 4.3 Slings
 + Level 2.2 Armour
 - Level 1.3 Dodging
 - Level 0.4 Stealth


You had 4 spell levels left.
You didn't know any spells.

Dungeon Overview and Level Annotations

Branches:
Dungeon (4/15)
 Temple: D:4-7

Altars:


Innate Abilities, Weirdness & Mutations

You have hooves in place of feet.
Armour fits poorly on your strangely shaped body.
You cover ground very quickly.
You have extremely tough skin. (AC +3)


Message History

Aim: an ogre, wielding a giant club (heavily wounded)
You shoot a sling bullet.
The sling bullet hits the ogre but does no damage.
The ogre is heavily wounded.
The ogre hits you with a giant club!!
Ouch! That really hurt!
Found 15 gold pieces.
Wear which item? (? for menu, Esc to quit)
Okay, then.
It was a potion of flight.
You feel very buoyant.
You fly up into the air.
It was a potion of heal wounds.
You feel much better.
It was a potion of magic.
Magic courses through your body. The ogre hits you with a giant club!!
Ouch! That really hurt!
b - a +0 short sword (weapon)
The ogre hits you with a giant club!!
Ouch! That really hurt!
You die...

######.(.# #.# #...# #.#
####..)# #.# #....(.# #.#
#......# #.# #####.## #.#
#.# #(# #.# #$###.# #.#
#@O...# #.# ####### #.#
######################.##
.......<................#
..........###############
####......# #......#
#......# #......#


You could see an ogre.

Vanquished Creatures
  A crimson imp (D:2)
  Natasha (twice) (D:3)
  A gnoll (D:2)
  4 adders
  2 oozes
  2 worms (D:2)
  A dart slug (D:2)
  A leopard gecko (D:2)
  2 giant cockroaches
  A goblin (D:2)
  7 hobgoblins
  4 jackals
  4 kobolds
  10 bats
  A frilled lizard (D:1)
  6 rats
49 creatures vanquished.

Notes
Turn   | Place    | Note
-------+----------+-------------------------------------------
     0 | D:1      | qandnotyew the Centaur Hunter began the quest for the Orb.
     0 | D:1      | Reached XP level 1. HP: 17/17 MP: 1/1
   277 | D:1      | Reached XP level 2. HP: 24/25 MP: 2/2
   895 | D:2      | Reached skill level 1 in Armour
   895 | D:2      | Reached XP level 3. HP: 29/31 MP: 3/3
  1788 | D:2      | Reached XP level 4. HP: 14/40 MP: 4/4
  2045 | D:3      | Noticed Natasha
  2054 | D:3      | Killed Natasha
  2092 | D:2      | Reached XP level 5. HP: 20/46 MP: 5/5
  2658 | D:3      | Noticed Natasha
  2661 | D:3      | Killed Natasha
  2817 | D:4      | Noticed an ogre
  2846 | D:4      | Mangled by an ogre

Vault maps used:
D:1:      minmay_arrival_nine_rooms
D:2:      minmay_misc_feat_square, minmay_misc_feat_more_columns,
          hangedman_decor_points
D:3:      lemuel_coloured_pillars_altar, uniq_natasha
D:4:      minmay_overflow_temple_star_quad, first_bread,
          kennysheep_small_square, uniq_sigmund, uniq_crazy_yiuf_cottage

Skill      XL: |  1  2  3  4 |
---------------+-------------+-----
Fighting       | 3 4 |  4.6
Armour         | 1 2 |  2.2
Slings         | |  4.3
Dodging        | |  1.3
Stealth        | |  0.4

Action                   |  1- 3 |  4- 6 || total
-------------------------+-------+-------++-------
Melee: Short sword       |   114 |    58 ||   172
       Kick              |    27 |     9 ||    36
 Fire: Hunting sling     |    20 |    13 ||    33
Throw: Stone             |     4 |       ||     4
  Use: Potion            |       |     3 ||     3
  Eat: Chunk             |       |     3 ||     3
       Royal jelly       |       |     1 ||     1
Armor: Leather armour    |    64 |    29 ||    93
Dodge: Dodged            |    61 |    51 ||   112
